 Dungeon Sprint DCSS version 0.24.1-8-ga250c9d538 (webtiles) character file.

Game seed: 13171229338848605127, levelgen mode: deterministic

5616 Atelerd the Commander (level 11, -1/135 HPs)
             Began as a Human Fighter on May 7, 2020.
             Was a High Priest of Okawaru.
             Succumbed to a wolf spider's poison
             ... in the Dungeon (Sprint V: "Ziggurat Sprint").
             The game lasted 00:05:22 (704 turns).

Atelerd the Commander (Human Fighter)                Turns: 704, Time: 00:05:22

Health: -1/135     AC: 32    Str: 31    XL:     11   Next: 3%
Magic:  18/19      EV:  8    Int:  9    God:    Okawaru [*****.]
Gold:   0          SH:  0    Dex: 18    Spells: 10/10 levels left

rFire    . . .     SeeInvis .   L - +9 sword of Zonguldrok {reap}
rCold    . . .     Gourm    .   I - +18 shield of the Gong {rElec rN+ MR+ EV-5}
rNeg     + . .     Faith    .   H - +15 Maxwell's patent armour {-Cast -Tele rElec MR+ rCorr}
rPois    .         Spirit   .   (no helmet)
rElec    +         Reflect  .   (no cloak)
rCorr    +         Harm     .   X - +1 pair of gloves "Xetsocka" {Slay+2}
MR       ++...     NoTele   +   (no boots) Stlth ..........NoCast +
                                N - amulet of regeneration
HPRegen  0.72/turn              x - +6 ring of dexterity
MPRegen  0.16/turn              C - +6 ring of strength

@: confused, berserking, lethally poisoned (-1 -> -22), slowed, studying 2
skills
A: no striking features
a: Heroism, Finesse, Renounce Religion


You were in the Dungeon.
You worshipped Okawaru.
Okawaru was extremely pleased with you.
You were not hungry.

You visited 1 branch

Inventory:

Hand Weapons
 J - the +7 Singing Sword {slice, sonic wave}
   (You found it in the Dungeon)

   It inflicts extra damage upon your enemies.
 K - the +0 sword of Power
   (You found it in the Dungeon)
 L - the +9 sword of Zonguldrok (weapon) {reap}
   (You found it in the Dungeon)

   If a monster killed with it leaves a corpse in good enough shape, the corpse
   will be animated as a zombie friendly to the killer.
 W - the +7 pair of quick blades "Gyre" and "Gimble" {protect}
   (You found it in the Dungeon)

   It grants its wielder temporary protection when it strikes (+7 to AC).
Armour
 b - the +3 acid dragon scales of Objectivity {rPois Regen+ rCorr Str+6 Int-2 SInv}
   (You found it in the Dungeon)

   It affects your strength (+6).
   It affects your intelligence (-2).
   It protects you from poison.
   It lets you see invisible.
   It increases your rate of regeneration.
   It provides partial protection from all sources of acid and corrosion.
 H - the +15 Maxwell's patent armour (worn) {-Cast -Tele rElec MR+ rCorr}
   (You found it in the Dungeon)

   It insulates you from electricity.
   It affects your resistance to hostile enchantments.
   It prevents spellcasting.
   It prevents most forms of teleportation.
   It provides partial protection from all sources of acid and corrosion.
 I - the +18 shield of the Gong (worn) {rElec rN+ MR+ EV-5}
   (You found it in the Dungeon)

   It affects your evasion (-5).
   It insulates you from electricity.
   It protects you from negative energy.
   It affects your resistance to hostile enchantments.
 X - the +1 pair of gloves "Xetsocka" (worn) {Slay+2}
   (You found it in the Dungeon)

   It affects your accuracy and damage with ranged weapons and melee attacks
   (+2).
Jewellery
 w - an uncursed ring of flight
 x - a +6 ring of dexterity (left hand)
 y - a +6 ring of dexterity
 z - a +6 ring of intelligence
 A - a +6 ring of intelligence
 B - a +6 ring of strength
 C - a +6 ring of strength (right hand)
 M - an uncursed ring of see invisible
 N - an amulet of regeneration (around neck)
 O - the amulet "Xaicvel" {Inacc +Fly rElec}
   (You found it in the Dungeon)

   [amulet of inaccuracy]

   It reduces the accuracy of all your attacks.
   It insulates you from electricity.
   It lets you fly.
 P - an uncursed ring of ice
 Q - the ring of Ykoquici {EV+3 Int+2}
   (You found it in the Dungeon)

   [ring of evasion]

   It affects your evasion (+3).
   It affects your intelligence (+2).
 R - a +3 ring of intelligence
 T - an uncursed ring of resist corrosion
 U - an uncursed ring of protection from magic
 Z - an uncursed ring of wizardry
Wands
 E - a wand of disintegration (7)
 F - a wand of iceblast (7)
 G - a wand of acid (7)
Scrolls
 k - 4 scrolls of blinking
 q - 4 scrolls of amnesia
 r - 7 scrolls of fog
 s - a scroll of holy word
 t - 5 scrolls of identify
 u - 5 scrolls of remove curse
 v - 2 scrolls of fear
 Y - 4 scrolls of enchant armour
Potions
 d - 6 potions of might
 e - 7 potions of curing
 g - 8 potions of heal wounds
 h - 6 potions of haste
 i - 7 potions of magic
 j - 2 potions of berserk rage
 l - 2 potions of brilliance
 m - 2 potions of invisibility
 n - 4 potions of resistance
 p - 5 potions of agility
Books
 S - a manual of Bows
 V - a manual of Unarmed Combat
Miscellaneous
 a - a sack of spiders
 o - a lightning rod (4/4)
 D - a lightning rod (4/4)
Comestibles
 f - 7 rations


   Skills:
 + Level 10.1 Fighting
 + Level 10.0 Long Blades
   Level 2.0 Axes
 + Level 10.1 Armour
 + Level 9.5 Dodging
 + Level 10.1 Shields
 * Level 10.8 Invocations
 - Level 9.2 Evocations


You had 10 spell levels left.
You didn't know any spells.
Your spell library contained the following spells:

 Spells                   Type           Power        Failure   Level  Hunger
 Freeze                   Ice            #...         99%         1    ##.....
 Throw Frost              Conj/Ice       #.....       100%        2    ###....
 Ozocubu's Armour         Chrm/Ice       #.......     100%        3    ####...
 Summon Ice Beast         Ice/Summ       #.......     100%        4    #####..
 Throw Icicle             Conj/Ice       #.......     100%        4    #####..
 Haunt                    Necr/Summ      #.........   100%        7    #######
 Borgnjor's Revivificati  Necr           #.........   100%        8    #######
 Death's Door             Chrm/Necr      #.........   100%        8    #######
 Infestation              Necr           #.........   100%        8    #######
 Necromutation            Tmut/Necr      #.........   100%        8    #######


Dungeon Overview and Level Annotations

Branches:
Dungeon (1/1)

Altars:
Ashenzari
Cheibriados
Dithmenos
Elyvilon
Fedhas
Gozag
Hepliaklqana
Kikubaaqudgha
Makhleb
Nemelex Xobeh
Okawaru
Qazlal
Ru
Sif Muna
Trog
Uskayaw
Vehumet
Wu Jian
Xom
Yredelemnul
Zin
The Shining One
Beogh
Jiyva
Lugonu


Message History

The hornet is heavily wounded.
* * * LOW HITPOINT WARNING * * *
You feel very sick.
The tarantella bites you but does no damage.
Your tarantella zombie barely misses the tarantella.
The wolf spider hits you!
* * * LOW HITPOINT WARNING * * *
The wolf spider bites you but does no damage.
The jumping spider leaps!
The hornet barely misses you. The tarantella barely misses you.
Your tarantella zombie barely misses the tarantella.
The wolf spider hits you but does no damage.
The wolf spider bites you.
* * * LOW HITPOINT WARNING * * *
You are too berserk!
Unknown command.
Are you sure you want to stumble around while confused and next to your ally the tarantella zombie?
This could place you under penance!
You slash the tarantella!
The tarantella is heavily wounded.
You die...

▓..}):}:..▓..:|.....▓
▓..=)):)..▓...}[)...▓
▓.........▓.........▓
▓.........▓.........▓
▓.......s.▓....))...▓
▓....s..§.▓.....†...▓
▓......s..▓.▓.....▓.▓
▓.▓....s▓s▓....©....▓
▓....©sy@Z▓▓▓▓▓▓▓▓▓▓▓
▓▓▓▓▓▓▓▓▓▓▓


You could see a demonic crawler, a wolf spider, an orb spider, a hornet, 2
tarantellas and a friendly tarantella zombie.

Vanquished Creatures
  4 wolf spiders (D)
  5 merfolk (D)
  2 jumping spiders (D)
  2 hippogriffs (D)
  3 tarantellas (D)
  A spriggan (D)
  A yak (D)
  A floating eye (D)
  2 porcupines (D)
  A necrophage (D)
  An eye of draining (D)
  2 phantoms (D)
  2 black bears (D)
  2 wolves (D)
  A crocodile (D)
  4 scorpions (D)
  5 wights (D)
  A jelly (D)
  A quasit (D)
  An iron imp (D)
  2 iguanas (D)
  2 ufetubi (D)
  An ooze (D)
  An adder skeleton (D)
  2 bat zombies (D)
  A jackal (D)
  A giant cockroach zombie (D)
  A jackal skeleton (D)
  A leopard gecko skeleton (D)
  2 leopard gecko zombies (D)
  A quokka skeleton (D)
57 creatures vanquished.

Vanquished Creatures (others)
  2 spatial maelstroms (D)
2 creatures vanquished.

Grand Total: 59 creatures vanquished

Notes
Turn   | Place    | Note
-------+----------+-------------------------------------------
     0 | D        | Atelerd the Human Fighter began the quest for the Orb.
     0 | D        | Reached XP level 1. HP: 18/18 MP: 1/1
     0 | D        | Found a shimmering blue altar of Sif Muna.
     0 | D        | Found a bloodstained altar of Trog.
     0 | D        | Found a sacrificial altar of Ru.
     0 | D        | Found a stormy altar of Qazlal.
     0 | D        | Found an iron altar of Okawaru.
     0 | D        | Banished a spatial maelstrom
     1 | D        | Found a sparkling altar of Nemelex Xobeh.
     1 | D        | Found a blossoming altar of Fedhas.
     2 | D        | Found the +6 Majin-Bo {vamp, Archmagi MP+6 Int+6}
     2 | D        | Found the +7 great mace "Firestarter" {inner flame, rF++}
     3 | D        | Found a transporter.
     3 | D        | Found an ancient bone altar of Kikubaaqudgha.
     3 | D        | Found a viscous altar of Jiyva.
     3 | D        | Found a corrupted altar of Lugonu.
     3 | D        | Found a hazy altar of Hepliaklqana.
     3 | D        | Found a burning altar of Makhleb.
     3 | D        | Found an opulent altar of Gozag.
    15 | D        | Banished a spatial maelstrom
    28 | D        | Found the +9 heavy crossbow "Sniper" {velocity, Acc+∞ SInv}
    28 | D        | Found the +10 dark maul {crush}
    28 | D        | Found the +15 Maxwell's patent armour {-Cast -Tele rElec
                  | MR+ rCorr}
    28 | D        | Found the +18 shield of the Gong {rElec rN+ MR+ EV-5}
    28 | D        | Found the cursed +14 obsidian axe {chop, +Fly SInv *Curse}
    30 | D        | Found the +6 shillelagh "Devastator" {shatter}
    30 | D        | Found the +11 plutonium sword {*Contam Stlth-}
    30 | D        | Found the +8 lance "Wyrmbane" {slay drac, rPois rF+ rC+
                  | AC+3}
    30 | D        | Found the +9 sword of Zonguldrok {reap}
    30 | D        | Found the cursed +13 scythe of Curses {drain, *Curse}
    30 | D        | Found the +0 sword of Power
    30 | D        | Found the +7 mace of Variability {chain chaos}
    30 | D        | Found the +7 Singing Sword {slice, sonic wave}
    30 | D        | Found the +8 storm bow {elec, penet}
    36 | D        | Became a worshipper of Warmaster Okawaru
    48 | D        | Reached XP level 2. HP: 25/25 MP: 1/3
    75 | D        | Entered arena 2.
    75 | D        | Found a transporter.
    78 | D        | Reached XP level 3. HP: 30/30 MP: 3/5
    91 | D        | Entered arena 3.
    91 | D        | Noticed a scorpion
    91 | D        | Noticed a scorpion
    91 | D        | Noticed a jumping spider
    91 | D        | Found a transporter.
    95 | D        | Killed a scorpion
    95 | D        | Reached XP level 4. HP: 18/38 MP: 4/6
    95 | D        | HP: 1/38 [jumping spider (13)]
    98 | D        | Reached * piety under Okawaru
    98 | D        | Reached skill level 5 in Armour
    98 | D        | Reached skill level 5 in Shields
    98 | D        | Reached XP level 5. HP: 23/43 MP: 4/8
    98 | D        | Killed a jumping spider
    98 | D        | Reached skill level 5 in Fighting
    98 | D        | Reached skill level 5 in Long Blades
    98 | D        | Reached skill level 5 in Invocations
    98 | D        | Reached skill level 5 in Evocations
    98 | D        | Reached XP level 6. HP: 28/52 MP: 4/10
   240 | D        | Entered arena 4.
   240 | D        | Found a transporter.
   242 | D        | Reached skill level 5 in Dodging
   242 | D        | Reached XP level 7. HP: 58/58 MP: 11/11
   269 | D        | Entered arena 5.
   269 | D        | Found a transporter.
   274 | D        | Reached ** piety under Okawaru
   277 | D        | Got the amulet "Xaicvel" {Inacc +Fly rElec}
   285 | D        | Entered arena 6.
   285 | D        | Noticed a spriggan
   285 | D        | Found a transporter.
   286 | D        | Killed a spriggan
   286 | D        | Reached XP level 8. HP: 65/65 MP: 5/13
   292 | D        | Got the ring of Ykoquici {EV+3 Int+2}
   347 | D        | Entered arena 7.
   347 | D        | Noticed a merfolk
   347 | D        | Noticed a merfolk
   347 | D        | Noticed a merfolk
   347 | D        | Noticed a merfolk
   347 | D        | Noticed a hippogriff
   347 | D        | Noticed a merfolk
   348 | D        | Found a transporter.
   351 | D        | Killed a hippogriff
   354 | D        | Killed a merfolk
   354 | D        | Reached *** piety under Okawaru
   354 | D        | Reached XP level 9. HP: 63/74 MP: 11/14
   356 | D        | Killed a merfolk
   356 | D        | Killed a merfolk
   356 | D        | Killed a merfolk
   358 | D        | Killed a merfolk
   380 | D        | Entered arena 8.
   380 | D        | Noticed a hippogriff
   381 | D        | Found a transporter.
   383 | D        | Reached **** piety under Okawaru
   385 | D        | Reached XP level 10. HP: 82/82 MP: 16/16
   398 | D        | Entered arena 9.
   398 | D        | Noticed a wolf spider
   398 | D        | Noticed a wolf spider
   399 | D        | Found the +7 pair of quick blades "Gyre" and "Gimble"
                  | {protect}
   399 | D        | Found a transporter.
   405 | D        | Killed a wolf spider
   405 | D        | Received a gift from Okawaru
   407 | D        | Killed a wolf spider
   591 | D        | Entered arena 10.
   592 | D        | Found a transporter.
   595 | D        | Reached skill level 10 in Invocations
   625 | D        | Entered arena 11.
   626 | D        | Found a transporter.
   643 | D        | Got the +1 pair of gloves "Xetsocka" {Slay+2}
   680 | D        | Got the +3 acid dragon scales of Objectivity {rPois Regen+
                  | rCorr Str+6 Int-2 SInv}
   682 | D        | Entered arena 12.
   682 | D        | Noticed an orb spider
   682 | D        | Noticed a wolf spider
   682 | D        | Noticed a wolf spider
   683 | D        | Noticed a wolf spider
   683 | D        | Noticed a demonic crawler
   692 | D        | Killed a wolf spider
   692 | D        | Reached ***** piety under Okawaru
   692 | D        | Reached skill level 10 in Armour
   692 | D        | Reached skill level 10 in Shields
   694 | D        | Killed a wolf spider
   694 | D        | Received a gift from Okawaru
   694 | D        | Reached skill level 10 in Fighting
   694 | D        | Reached skill level 10 in Long Blades
   694 | D        | Reached XP level 11. HP: 74/90 MP: 17/19
   695 | D        | Paralysed by a hornet for 3 turns
   703 | D        | HP: 4/135 [wolf spider (12)]
   703 | D        | HP: 1/135 [wolf spider (3)]
   704 | D        | Succumbed to a wolf spider's poison

Levels and vault maps discovered:
D:        sprint_v [room_start, room_1, room_2, room_3, room_4, room_5, room_6,
          room_7, room_8, room_9, room_10, room_11, room_12, room_13, room_14,
          room_15, room_16, room_17, room_18, room_19, room_20, room_21,
          room_22, room_23, room_24, room_25, room_26, room_27]

Skill      XL: |  1  2  3  4  5  6  7  8  9 10 |
---------------+-------------------------------+-----
Long Blades    | 3 4 5 6 7 8 10 | 10.0
Dodging        | 2 3 4 5 6 7 8 9 |  9.5
Shields        | 4 5 6 7 9 10 | 10.1
Invocations    | 2 3 4 5 6 7 9 10 | 10.8
Evocations     | 2 3 5 6 7 8 9 |  9.2
Fighting       | 4 5 6 7 8 10 | 10.1
Armour         | 4 5 6 7 9 10 | 10.1
Axes           | |  2.0

Action                   |  1- 3 |  4- 6 |  7- 9 | 10-12 || total
-------------------------+-------+-------+-------+-------++-------
Melee: Double sword      |     5 |     2 |    14 |    39 ||    60
Invok: Heroism           |       |       |     1 |     1 ||     2
Evoke: Sack of spiders   |       |       |       |     2 ||     2
  Use: Potion            |     1 |     2 |       |     4 ||     7
Armor: Scale mail        |     1 |     2 |       |       ||     3
       Plate armour      |       |       |    11 |    58 ||    69
Dodge: Dodged            |     1 |     3 |     1 |    36 ||    41
Block: Shield            |     4 |     2 |    26 |   106 ||   138
       Rpst.: Double sword |       |       |       |    10 ||    10
